 Dungeon Crawl Stone Soup version 0.25-a0-663-gace7076f2c (webtiles) character file.

Game seed: 9438311080807980371, levelgen mode: deterministic

121 Aggronaut the Insei (level 4, 0/35 HPs)
             Began as a Demonspawn Monk on Mar 25, 2020.
             Was a Priest of Okawaru.
             Slain by a gnoll
             ... wielding a +0 club
              (10 damage)
             ... on level 3 of the Dungeon.
             The game lasted 00:05:16 (1838 turns).

Aggronaut the Insei (Demonspawn Monk)               Turns: 1838, Time: 00:05:18

Health: 0/35       AC:  3    Str: 12    XL:     4   Next: 76%
Magic:  4/4        EV: 13    Int: 12    God:    Okawaru [***...]
Gold:   80         SH:  3    Dex: 15    Spells: 3/3 levels left

rFire    . . .     SeeInvis .     - Unarmed
rCold    . . .     Gourm    .   i - +0 buckler
rNeg     . . .     Faith    .   a - +0 robe
rPois    .         Spirit   .   g - +0 helmet
rElec    .         Reflect  .   (no cloak)
rCorr    .         Harm     .   (no gloves)
MR       .....                  (no boots)
Stlth    ++........             (no amulet)
HPRegen  0.11/turn              (no ring)
MPRegen  0.09/turn              (no ring)

@: no status effects
A: claws 1, spiny 1
a: Heroism, Renounce Religion


You were on level 3 of the Dungeon.
You worshipped Okawaru.
Okawaru was most pleased with you.
You were not hungry.

You visited 1 branch of the dungeon, and saw 3 of its levels.

You collected 80 gold pieces.

Inventory:

Missiles
 f - 10 poisoned darts (quivered)
Armour
 a - a +0 robe (worn)
 g - a +0 helmet (worn)
 i - a +0 buckler (worn)
Scrolls
 e - a scroll of enchant weapon
Potions
 c - a potion of flight
 h - a potion of lignification {unknown}
 j - a potion of haste {unknown}
 k - a potion of curing {unknown}
Comestibles
 b - 2 rations
 d - 4 chunks of flesh


   Skills:
 - Level 3.0 Fighting
 + Level 3.3 Dodging
 - Level 1.7 Stealth
 + Level 0.1 Shields
 * Level 4.6 Unarmed Combat


You had 3 spell levels left.
You didn't know any spells.
Your spell library was empty.

Dungeon Overview and Level Annotations

Branches:
Dungeon (3/15)

Altars:
Okawaru


Innate Abilities, Weirdness & Mutations

You have sharp fingernails.
You are partially covered in sharp spines.


Message History

You claw the gnoll!
The gnoll is almost dead.
The gnoll hits you.
There is a stone staircase leading up here.
You claw the gnoll!
You kill the gnoll!
Okawaru accepts your kill.
Okawaru will now gift you ammunition as you gain piety.
The hobgoblin is struck by your spines. The hobgoblin hits you with a +0 club.
You claw the hobgoblin!
You kill the hobgoblin!
Okawaru accepts your kill.
You completely miss the gnoll. The gnoll hits you with a +0 flail.
You scratch the gnoll.
The gnoll is heavily wounded.
A rat comes into view.
The gnoll hits you with a +0 flail.
* * * LOW HITPOINT WARNING * * *
The gnoll is struck by your spines. The gnoll hits you with a +0 club!
You die...

#...# #.### #.#
## #.# (. #.# .#
#.# .# ### #.#
.# ....
#.####.#..##
#.##.@gg.)....#g
#.....g.........
#########.#...>.
..r #.? ####


You could see 2 gnolls, a hobgoblin and a rat (wandering).

Vanquished Creatures
  Jessica (D:2)
  Robin (D:2)
  2 gnolls (D:3)
  A worm (D:2)
  A leopard gecko (D:1)
  5 bats
  2 giant cockroaches
  18 goblins
  7 hobgoblins
  4 jackals (D:1)
  4 frilled lizards
  5 kobolds
  7 rats
58 creatures vanquished.

Notes
Turn   | Place    | Note
-------+----------+-------------------------------------------
     0 | D:1      | Aggronaut the Demonspawn Monk began the quest for the Orb.
     0 | D:1      | Reached XP level 1. HP: 18/18 MP: 1/1
    44 | D:1      | Reached skill level 3 in Unarmed Combat
    48 | D:1      | Gained mutation: You are partially covered in sharp spines.
                  | [demonic ancestry]
    48 | D:1      | Reached XP level 2. HP: 13/24 MP: 2/2
   711 | D:1      | Gained mutation: You have sharp fingernails. [demonic
                  | ancestry]
   711 | D:1      | Reached XP level 3. HP: 21/29 MP: 3/3
  1066 | D:2      | Noticed Robin
  1262 | D:2      | Killed Robin
  1314 | D:2      | Reached skill level 4 in Unarmed Combat
  1379 | D:2      | Found a faded altar of an unknown god.
  1387 | D:2      | Became a worshipper of Warmaster Okawaru
  1387 | D:2      | Reached * piety under Okawaru
  1387 | D:2      | Reached ** piety under Okawaru
  1559 | D:2      | Reached XP level 4. HP: 33/35 MP: 4/4
  1664 | D:2      | Noticed Jessica
  1674 | D:2      | Killed Jessica
  1835 | D:3      | Reached *** piety under Okawaru
  1838 | D:3      | Slain by a gnoll

Levels and vault maps discovered:
D:1:      wander_arrival_chamber, layout_rooms
D:2:      layout_basic, serial_forest, infiniplex_forest_corner_1,
          infiniplex_forest_zigzag_1, infiniplex_forest_corner_1,
          infiniplex_forest_clump_diagonal, infiniplex_forest_lined_corner,
          infiniplex_forest_straight_3, infiniplex_forest_lined_ring,
          infiniplex_forest_lined_2, chequers_ecumenical_altar_twisty,
          uniq_robin, uniq_jessica
D:3:      layout_loops_ring, uniq_ijyb

Skill      XL: |  1  2  3 |
---------------+----------+-----
Unarmed Combat | 3 4 |  4.6
Dodging        | 3 |  3.3
Fighting       | |  3.0
Stealth        | |  1.7
Shields        | |  0.1

Action                   |  1- 3 |  4- 6 || total
-------------------------+-------+-------++-------
Melee: Unarmed           |   117 |    21 ||   138
  Use: Scroll            |     3 |       ||     3
  Eat: Chunk             |     2 |     1 ||     3
Armor: Robe              |    14 |     1 ||    15
Dodge: Dodged            |    94 |     9 ||   103
Block: Buckler           |     7 |     1 ||     8

Table legend:
 A = Non-vault XP
 B = Vault XP
 C = Vault XP percentage of total XP
 D = Non-vault monster count
 E = Vault monster count
 F = Vault count percentage of total count
                 A         B        C        D         E       F
            +---------+---------+-------+---------+---------+-------
      Total |      98 |      75 |  43.4 |      45 |      13 |  22.4
            +---------+---------+-------+---------+---------+-------
        D:1 |      41 |       0 |   0.0 |      25 |       0 |   0.0
        D:2 |      26 |      75 |  74.3 |      16 |      13 |  44.8
        D:3 |      31 |       0 |   0.0 |       4 |       0 |   0.0
            +---------+---------+-------+---------+---------+-------
